 Dungeon Crawl Stone Soup version 0.20-a0-1122-gb7cbeb9 (webtiles) character file.

32 salapander the Skirmisher (level 3, -4/20 HPs)
             Began as a Vine Stalker Fighter on May 13, 2017.
             Slain by a kobold
             ... wielding a +0 whip
              (5 damage)
             ... on level 2 of the Dungeon.
             The game lasted 00:01:02 (824 turns).

salapander the Skirmisher (Vine Stalker Fighter)     Turns: 824, Time: 00:01:03

Health: -4/20      AC:  6    Str: 18    XL:     3   Next: 27%
Magic:  0/4        EV:  7    Int:  8    God:
Gold:   59         SH:  9    Dex: 14    Spells: 2/2 levels left

rFire    . . .     SeeInvis .   a - +0 long sword
rCold    . . .     Gourm    .   c - +0 shield
rNeg     . . .     Faith    .   b - +0 scale mail
rPois    .         Spirit   +   (no helmet)
rElec    .         Reflect  .   (no cloak)
rCorr    .         Harm     .   (no gloves)
MR       .....                  (no boots)
Stlth    ..........             (no amulet)
Regen    0.1/turn               (no ring)
MPRegen  0.1/turn               (no ring)

@: lethally poisoned (-4 -> -7)
A: fangs 2, magic shield, antimagic bite, no potion heal 3, rot immunity
a: no special abilities


You were on level 2 of the Dungeon.
You were not hungry.

You visited 1 branch of the dungeon, and saw 2 of its levels.

You collected 59 gold pieces.

Inventory:

Hand Weapons
 a - a +0 long sword (weapon)
Armour
 b - a +0 scale mail (worn)
 c - a +0 shield (worn)
Scrolls
 k - a scroll of blinking {unknown}
 l - a scroll of recharging {unknown}
 m - a scroll of amnesia {unknown}
Potions
 d - a potion of might
 e - a potion of flight {unknown}
 i - a potion of curing {unknown}
Comestibles
 f - 2 bread rations
 g - a chunk of flesh
 h - a meat ration
 j - 4 fruits


   Skills:
 + Level 3.2 Fighting
 + Level 2.6 Long Blades
 - Level 2.4 Armour
 - Level 2.6 Shields


You had 2 spell levels left.
You didn't know any spells.

Dungeon Overview and Level Annotations

Branches:
Dungeon (2/15)

Altars:


Innate Abilities, Weirdness & Mutations

You have extremely sharp teeth.
When hurt, damage is shared between your health and your magic reserves.
Your bite disrupts and absorbs the magic of your enemies.
Potions cannot restore your health.
You are immune to rotting.


Message History

* * * LOW HITPOINT WARNING * * *
The kobold hits you but does no damage. You block the adder's attack.
The jackal completely misses you.
You hit the adder. Your bite misses the adder.
The adder is almost dead.
You block the jackal's attack. The jackal barely misses you.
The adder completely misses you. The jackal barely misses you.
The jackal bites you.
* * * LOW HITPOINT WARNING * * *
You block the kobold's attack. The jackal barely misses you.
You block the adder's attack.
The jackal bites you but does no damage.
You closely miss the adder. Your bite misses the adder.
The adder is almost dead.
* * * LOW HITPOINT WARNING * * *
You feel sick. The jackal closely misses you. You block the jackal's attack.
The kobold closely misses you. The jackal barely misses you.
The adder bites you but does no damage. You block the jackal's attack.
The jackal bites you. The kobold hits you with a whip.
You die...

# ###.
....##
......#
.......##
......Kh#
.$...?h@#
$.....hS#
........#
........#
......$##
.......
......)
.......


You could see an adder, 3 jackals and a kobold.

Vanquished Creatures
  An ooze (D:2)
  A dart slug (D:1)
  A leopard gecko (D:1)
  A ball python (D:1)
  3 bats (D:1)
  3 hobgoblins (D:1)
  3 jackals
  4 kobolds (D:1)
  2 frilled lizards (D:1)
  2 goblins (D:1)
  4 rats (D:1)
25 creatures vanquished.

Notes
Turn   | Place    | Note
-------+----------+-------------------------------------------
     0 | D:1      | salapander the Vine Stalker Fighter began the quest for the Orb.
     0 | D:1      | Reached XP level 1. HP: 11/11 MP: 2/2
   240 | D:1      | Reached XP level 2. HP: 16/16 MP: 3/3
   299 | D:1      | Reached skill level 3 in Fighting
   664 | D:1      | Reached XP level 3. HP: 19/20 MP: 4/4
   824 | D:2      | HP: 1/20 [poisoned by an adder]
   824 | D:2      | Slain by a kobold

Vault maps used:
D:1:      evilmike_arrival_rings
D:2:      lemuel_crystal_altar, uniq_jessica

Skill      XL: |  1  2 |
---------------+-------+-----
Long Blades    | 2 |  2.6
Fighting       | 3 |  3.2
Armour         | |  2.4
Shields        | |  2.6

Action                   || total
-------------------------++-------
Melee: Long sword        ||    59
       Bite              ||    20
Armor: Scale mail        ||    45
Dodge: Dodged            ||    35
Block: Shield            ||    45
       Rpst.: Long sword ||    12
